 Dungeon Crawl Stone Soup version 0.22-a0-618-gd6a3efe1fc (webtiles) character file.

113 Hibernaculum the Magician (level 4, -6/32 HPs)
             Began as a Gnoll Wizard on July 13, 2018.
             Killed by divine providence
             ... invoked by an orc priest
              (14 damage)
             ... on level 2 of the Dungeon.
             The game lasted 00:05:37 (2295 turns).

Hibernaculum the Magician (Gnoll Wizard)            Turns: 2295, Time: 00:05:38

Health: -6/32      AC:  4    Str:  9    XL:     4   Next: 96%
Magic:  1/13       EV: 14    Int: 21    God:
Gold:   66         SH:  0    Dex: 14    Spells: 6/17 levels left

rFire    . . .     SeeInvis .   c - +0 dagger
rCold    . . .     Gourm    .   (no shield)
rNeg     . . .     Faith    .   a - +0 robe
rPois    +         Spirit   .   b - +0 hat
rElec    .         Reflect  .   e - +0 cloak
rCorr    .         Harm     .   h - +0 pair of gloves
MR       .....                  (no boots)
Stlth    +++.......             (no amulet)
HPRegen  0.10/turn              l - ring of poison resistance
MPRegen  0.13/turn              (no ring)

@: no status effects
A: distributed training, fangs 1, strong nose
a: no special abilities


You were on level 2 of the Dungeon.
You were not hungry.

You visited 1 branch of the dungeon, and saw 2 of its levels.

You collected 66 gold pieces.

Inventory:

Hand Weapons
 c - a +0 dagger (weapon)
Armour
 a - a +0 robe (worn)
 b - a +0 hat (worn)
 e - a +0 cloak (worn)
 h - a +0 pair of gloves (worn)
 m - a +0 ring mail
Jewellery
 l - a ring of poison resistance (left hand)
Scrolls
 g - 4 scrolls of identify
 i - a scroll of enchant weapon {unknown}
 j - a scroll of enchant armour {unknown}
Comestibles
 d - 3 rations
 f - a chunk of flesh


   Skills:
 + Level 1.2 Fighting
 + Level 1.2 Short Blades
 + Level 1.2 Long Blades
 + Level 1.2 Axes
 + Level 1.2 Maces & Flails
 + Level 1.2 Polearms
 + Level 1.2 Staves
 + Level 1.2 Slings
 + Level 1.2 Bows
 + Level 1.2 Crossbows
 + Level 1.2 Throwing
 + Level 1.2 Armour
 + Level 4.7 Dodging
 + Level 4.3 Stealth
 + Level 1.2 Shields
 + Level 1.2 Unarmed Combat
 + Level 7.2 Spellcasting
 + Level 2.3 Conjurations
 + Level 1.0 Hexes
 + Level 1.0 Charms
 + Level 2.3 Summonings
 + Level 1.0 Necromancy
 + Level 2.3 Translocations
 + Level 1.0 Transmutations
 + Level 1.0 Fire Magic
 + Level 1.0 Ice Magic
 + Level 1.0 Air Magic
 + Level 1.0 Earth Magic
 + Level 1.0 Poison Magic
 + Level 1.4 Invocations
 + Level 1.2 Evocations


You had 6 spell levels left.
You knew the following spells:

 Your Spells              Type           Power        Failure   Level  Hunger
a - Magic Dart            Conj           ###.         3%          1    None
b - Blink                 Tloc           N/A          4%          2    None
c - Call Imp              Summ           ###.....     4%          2    None
d - Conjure Flame         Conj/Fire      ##......     13%         3    None
e - Mephitic Cloud        Conj/Pois/Air  ##......     14%         3    None

Your spell library contained the following spells:

 Spells                   Type           Power        Failure   Level  Hunger
 Slow                     Hex            ##......     9%          2    None


Dungeon Overview and Level Annotations

Branches:
Dungeon (2/15)

Altars:


Innate Abilities, Weirdness & Mutations

Your experience applies equally to all skills.
You have very sharp teeth.
Your uncanny sense of smell can sniff out nearby items.


Message History

The magic dart hits the orc priest.
Casting: Magic Dart (safe; 3% risk of failure)
Confirm with . or Enter, or press ? or * to list all spells.
Aiming: Magic Dart (safe; 3% risk of failure)
Press: ? - help, Shift-Dir - straight line, f/p - orc priest
Aim: an orc priest, wearing a leather armour The magic dart hits the orc priest.
The orc priest mumbles some strange prayers to Beogh against you.
Pain shoots through your body!
* * * LOW HITPOINT WARNING * * *
You see here a short sword.
The orc priest looks encouraged for a moment.
The orc priest mumbles some strange prayers to Beogh against you.
You barely resist.
There is an open door here.
You close the door.
An orc priest opens the door.
The orc priest calls down the wrath of Beogh upon you.
Beogh smites you!
You die...

#..........##..........∆ ..
#..........####.##########.. #
..............÷........ ....
#.#####'##...####.###...###...
#.#####......####.............
##........................#....
#.........##.)............#....
#.........####...####....o.....
#...).......).@..'o.#.####..#..
#........#####...##.#...##..#..
#........# #...##.#.#.##..#..
#####.###.## #..###o#.#.###o#..
...##. #.# #..# ##.#.## #..#.
....#.###.# #### #.###)# #....
....#.#...# ##.#.## ##... ....#
#.### #.#.#.# ##.. ....# #.#
##.#.## ###..


You could see an orc priest.

Vanquished Creatures
  An orc priest (D:2)
  An adder (D:2)
  An ooze (D:1)
  A worm (D:2)
  2 dart slugs (D:1)
  2 orcs (D:2)
  A ball python (D:1)
  A giant cockroach (D:1)
  10 goblins
  8 hobgoblins
  4 jackals (D:2)
  A quokka (D:2)
  6 bats
  2 frilled lizards (D:1)
  8 kobolds
  11 rats
60 creatures vanquished.

Notes
Turn   | Place    | Note
-------+----------+-------------------------------------------
     0 | D:1      | Hibernaculum the Gnoll Wizard began the quest for the Orb.
     0 | D:1      | Reached XP level 1. HP: 13/13 MP: 8/8
   139 | D:1      | Reached XP level 2. HP: 19/19 MP: 7/10
   732 | D:1      | Reached XP level 3. HP: 22/25 MP: 9/11
  1304 | D:1      | Reached skill level 1 in Invocations
  1504 | D:1      | Learned a level 2 spell: Blink
  1507 | D:1      | Learned a level 2 spell: Call Imp
  1511 | D:1      | Learned a level 3 spell: Conjure Flame
  1515 | D:1      | Learned a level 3 spell: Mephitic Cloud
  1823 | D:2      | Reached skill level 1 in Fighting
  1823 | D:2      | Reached skill level 1 in Short Blades
  1823 | D:2      | Reached skill level 1 in Long Blades
  1823 | D:2      | Reached skill level 1 in Axes
  1823 | D:2      | Reached skill level 1 in Maces & Flails
  1823 | D:2      | Reached skill level 1 in Polearms
  1823 | D:2      | Reached skill level 1 in Staves
  1823 | D:2      | Reached skill level 1 in Slings
  1823 | D:2      | Reached skill level 1 in Bows
  1823 | D:2      | Reached skill level 1 in Crossbows
  1823 | D:2      | Reached skill level 1 in Throwing
  1823 | D:2      | Reached skill level 1 in Armour
  1823 | D:2      | Reached skill level 1 in Shields
  1823 | D:2      | Reached skill level 1 in Unarmed Combat
  1823 | D:2      | Reached skill level 1 in Evocations
  1886 | D:2      | Reached XP level 4. HP: 32/32 MP: 7/13
  2239 | D:2      | Reached skill level 1 in Hexes
  2239 | D:2      | Reached skill level 1 in Charms
  2239 | D:2      | Reached skill level 1 in Necromancy
  2239 | D:2      | Reached skill level 1 in Transmutations
  2239 | D:2      | Reached skill level 1 in Fire Magic
  2239 | D:2      | Reached skill level 1 in Ice Magic
  2239 | D:2      | Reached skill level 1 in Air Magic
  2239 | D:2      | Reached skill level 1 in Earth Magic
  2239 | D:2      | Reached skill level 1 in Poison Magic
  2295 | D:2      | Killed from afar by an orc priest

Vault maps used:
D:1:      dpeg_arrival_ternary
D:2:      lemuel_upstairs_altar, roderic_roman_lattice, kennysheep_nondescript

Skill      XL: |  1  2  3  4 |
---------------+-------------+-----
Conjurations   | 2 |  2.3
Summonings     | 2 |  2.3
Translocations | 2 |  2.3
Invocations    | 1 |  1.4
Fighting       | 1 |  1.2
Short Blades   | 1 |  1.2
Long Blades    | 1 |  1.2
Axes           | 1 |  1.2
Maces & Flails | 1 |  1.2
Polearms       | 1 |  1.2
Staves         | 1 |  1.2
Slings         | 1 |  1.2
Bows           | 1 |  1.2
Crossbows      | 1 |  1.2
Throwing       | 1 |  1.2
Armour         | 1 |  1.2
Shields        | 1 |  1.2
Unarmed Combat | 1 |  1.2
Evocations     | 1 |  1.2
Hexes          | 1 |  1.0
Charms         | 1 |  1.0
Necromancy     | 1 |  1.0
Transmutations | 1 |  1.0
Fire Magic     | 1 |  1.0
Ice Magic      | 1 |  1.0
Air Magic      | 1 |  1.0
Earth Magic    | 1 |  1.0
Poison Magic   | 1 |  1.0
Dodging        | |  4.7
Stealth        | |  4.3
Spellcasting   | |  7.2

Action                   |  1- 3 |  4- 6 || total
-------------------------+-------+-------++-------
Melee: Dagger            |    57 |    49 ||   106
       Bite              |     6 |     4 ||    10
 Cast: Magic Dart        |    81 |    32 ||   113
  Use: Scroll            |     2 |     1 ||     3
 Stab: Sleeping          |     3 |     2 ||     5
  Eat: Chunk             |     3 |     1 ||     4
Armor: Robe              |    18 |     8 ||    26
Dodge: Dodged            |    63 |    45 ||   108

Table legend:
 A = Spawn XP
 B = Non-spawn XP
 C = Spawn XP percentage of total XP
 D = Spawn monster count
 E = Non-spawn monster count
 F = Spawn count percentage of total count
 G = Total turns spent on level
                    A         B        C        D         E        F      G
               +---------+---------+-------+---------+---------+-------+---------
         Total |       0 |     162 |   0.0 |       0 |      60 |   0.0 |  2295
               +---------+---------+-------+---------+---------+-------+---------
           D:1 |       0 |      57 |   0.0 |       0 |      31 |   0.0 |  1540
           D:2 |       0 |     105 |   0.0 |       0 |      29 |   0.0 |   755
               +---------+---------+-------+---------+---------+-------+---------
